 Dungeon Crawl Stone Soup version 0.17-a0-1939-ga475588 (webtiles) character file.

5059 MDvedh the Basher (level 10, -6/75 HPs)
             Began as a Gargoyle Wanderer on Sept 29, 2015.
             Was a Priest of Okawaru.
             Mangled by Snorg (14 damage)
             ... on level 10 of the Dungeon.
             The game lasted 00:28:51 (11859 turns).

MDvedh the Basher (Gargoyle Wanderer)              Turns: 11859, Time: 00:28:51

Health: -6/75      AC: 20    Str: 21    XL:     10   Next: 56%
Magic:  11/11      EV: 10    Int: 16    God:    Okawaru [***...]
Gold:   168        SH:  3    Dex:  9    Spells: 0 memorised, 11 levels left

rFire  . . .     SeeInvis .     b - +3 flail (freeze) (curse)
rCold  + . .     Clarity  .     a - +2 scale mail
rNeg   + . .     SustAt   +     g - +0 buckler
rPois  ∞         Gourm    .     u - +0 helmet
rElec  +         Spirit   .     p - +1 cloak
rCorr  .         Warding  .     (no gloves)
rMut   .         Stasis   .     G - +0 pair of boots
MR     .....                    m - amulet of rage
Stlth  ..........               s - ring of sustain attributes
                                d - ring of protection from cold

@: berserking, very quick, not resistant to hostile enchantments, extremely
unstealthy
A: negative energy resistance 1, electricity resistance, unbreathing,
petrification resistance, rot immunity, AC +7
a: Heroism, Renounce Religion, Evoke Berserk Rage


You were on level 10 of the Dungeon.
You worshipped Okawaru.
Okawaru was most pleased with you.
You were not hungry.

You visited 2 branches of the dungeon, and saw 11 of its levels.
You also visited: Ossuary.

You collected 334 gold pieces.
You spent 166 gold pieces at shops.

Inventory:

Hand weapons
 b - a cursed +3 flail of freezing (weapon)
Armour
 a - a +2 scale mail (worn)
 g - a +0 buckler (worn)
 p - a +1 cloak (worn)
 u - a +0 helmet (worn)
 G - a +0 pair of boots (worn)
Jewellery
 d - a ring of protection from cold (left hand)
 k - an uncursed ring of fire
 m - an amulet of rage (around neck)
 s - a ring of sustain attributes (right hand)
 t - an uncursed ring of ice
 z - an uncursed amulet of stasis
Magical devices
 f - a wand of paralysis (7)
 n - a wand of magic darts (27)
 H - a wand of polymorph (19)
Scrolls
 q - 5 scrolls of amnesia
 r - a scroll of vulnerability
 w - 2 scrolls of remove curse
 x - 2 scrolls of teleportation
 y - 4 scrolls of enchant armour
 C - 2 scrolls of enchant weapon
 D - a scroll of identify
 F - a scroll of fog
Potions
 c - a potion of mutation {unknown}
 i - a potion of magic
 l - 2 potions of brilliance
 o - 2 potions of flight
 v - a potion of might
 A - a potion of berserk rage
 B - 2 potions of cancellation
Comestibles
 e - 12 bread rations
 h - a royal jelly
 E - a slice of pizza


   Skills:
   Level 1.7(8.7) Axes
 - Level 13.9(14.0) Maces & Flails
 + Level 3.5 Armour
 + Level 2.4 Dodging
 - Level 1.1 Stealth
 - Level 1.1 Shields
 - Level 1.0 Spellcasting
   Level 2.1 Conjurations
   Level 1.5 Necromancy


You had 11 spell levels left.
You didn't know any spells.

Dungeon Overview and Level Annotations

Branches:
Dungeon (10/15)            Temple (1/1) D:4
   Lair: D:8-11         Orc: D:9-12

Altars:
Elyvilon
Fedhas
Kikubaaqudgha
Makhleb
Nemelex Xobeh
Okawaru
Ru
Sif Muna
Yredelemnul
Zin

Shops:
D:5 (}**[

Annotations:
D:10 Snorg


Innate Abilities, Weirdness & Mutations

You are resistant to torment.
Your stone body is resilient (AC +7).
You are immune to poison.
You resist negative energy.
You are resistant to electric shocks.
You can survive without breathing.
You are immune to petrification.
You are immune to rotting.


Message History

Drink which item? (? for menu, Esc to quit)
Okay, then.
Read which item? (? for menu, Esc to quit)
Okay, then.
Drink which item? (? for menu, Esc to quit)
You feel much better. Snorg bites you! You block Snorg's attack.
Snorg closely misses you. Snorg bites you!
* * * LOW HITPOINT WARNING * * *
Snorg barely misses you. x2
Drink which item? (? for menu, Esc to quit)
You feel much better. Snorg bites you!
* * * LOW HITPOINT WARNING * * *
Snorg claws you but does no damage. Snorg claws you.
* * * LOW HITPOINT WARNING * * *
Snorg bites you but does no damage. Snorg claws you but does no damage.
You block Snorg's attack.
Drink which item? (? for menu, Esc to quit)
A red film seems to cover your vision as you go berserk!
You feel yourself moving faster!
You feel mighty! Snorg bites you!
You die...

###### #....# #.##.#
#..#.# #..#### ###
.######...#8###⌠###8#..
..............@T.......
.....###...............
.#.....................
.....###.##8###⌠###8#..
#.##..##..####### # .
...........#.#
.#.#.#..#.#.#
.......#'#'####
#.#.#.........#


You could see Snorg (berserk).

Vanquished Creatures
  The ghost of dickyta the Ducker, an average MiGl (D:6)
  A spriggan (D:9)
  A wraith (D:9)
  Eustachio (D:4)
  The ghost of ololoev the Slasher, an average HEFi (D:5)
  An orc warrior (D:9)
  2 water moccasins (D:8)
  2 ice beasts
  3 ogres
  A sky beast (D:8)
  An eye of draining (D:9)
  2 necrophages
  A wasp (D:8)
  5 centaurs
  2 phantoms
  2 elf zombies (D:8)
  6 giant frogs
  5 scorpions
  A water moccasin skeleton (D:8)
  8 wights
  A bog body (D:8)
  A giant frog zombie (D:9)
  4 crimson imps
  A human zombie (D:8)
  2 centaur skeletons
  A jelly (D:6)
  2 human skeletons (D:8)
  2 iguanas
  6 orc priests
  8 orc wizards
  A giant frog skeleton (D:9)
  3 hounds
  6 worker ants
  8 gnolls
  2 shadow imps
  8 adders
  4 oozes
  3 worms
  4 giant geckos
  35 orcs
  5 bats
  4 giant cockroaches
  7 goblins
  6 hobgoblins
  11 jackals
  5 kobolds
  4 quokkas
  5 ball pythons
  A giant gecko skeleton (D:6)
  7 giant newts
  A jackal skeleton (D:7)
  3 orc skeletons (D:8)
  3 orc zombies (D:8)
  2 quokka skeletons
  9 rats
222 creatures vanquished.

Vanquished Creatures (others)
  An orc wizard (D:5)
  2 plants (Ossuary)
3 creatures vanquished.

Grand Total: 225 creatures vanquished

Notes
Turn   | Place    | Note
--------------------------------------------------------------
     0 | D:1      | MDvedh the Gargoyle Wanderer began the quest for the Orb.
     0 | D:1      | MDvedh set off with: a +2 scale mail, Sif Muna's Incunabulum of the Frostbite, Khufu's Disquisition on Evil, a +0 club, a bread ration, a !bad item (cl:100,ty:0,pl:0,pl2:0,sp:0,qu:0), a !bad item (cl:100,ty:0,pl:0,pl2:0,sp:0,qu:0), a !bad item (cl:100,ty:0,pl:0,pl2:0,sp:0,qu:0), a !bad item (cl:100,ty:0,pl:0,pl2:0,sp:0,qu:0), a !bad item (cl:100,ty:0,pl:0,pl2:0,sp:0,qu:0), a !bad item (cl:100,ty:0,pl:0,pl2:0,sp:0,qu:0), a !bad item (cl:100,ty:0,pl:0,pl2:0,sp:0,qu:0), a !bad item (cl:100,ty:0,pl:0,pl2:0,sp:0,qu:0), a !bad item (cl:100,ty:0,pl:0,pl2:0,sp:0,qu:0), a !bad item (cl:100,ty:0,pl:0,pl2:0,sp:0,qu:0), a !bad item (cl:100,ty:0,pl:0,pl2:0,sp:0,qu:0), a !bad item (cl:100,ty:0,pl:0,pl2:0,sp:0,qu:0), a !bad item (cl:100,ty:0,pl:0,pl2:0,sp:0,qu:0), a !bad item (cl:100,ty:0,pl:0,pl2:0,sp:0,qu:0), a !bad item (cl:100,ty:0,pl:0,pl2:0,sp:0,qu:0), a !bad item (cl:100,ty:0,pl:0,pl2:0,sp:0,qu:0), a !bad item (cl:100,ty:0,pl:0,pl2:0,sp:0,qu:0), a !bad item (cl:100,ty:0,pl:0,pl2:0,sp:0,qu:0), a !bad item (cl:100,ty:0,pl:0,pl2:0,sp:0,qu:0), a !bad item (cl:100,ty:0,pl:0,pl2:0,sp:0,qu:0), a !bad item (cl:100,ty:0,pl:0,pl2:0,sp:0,qu:0), a !bad item (cl:100,ty:0,pl:0,pl2:0,sp:0,qu:0), a !bad item (cl:100,ty:0,pl:0,pl2:0,sp:0,qu:0), a !bad item (cl:100,ty:0,pl:0,pl2:0,sp:0,qu:0), a !bad item (cl:100,ty:0,pl:0,pl2:0,sp:0,qu:0), a !bad item (cl:100,ty:0,pl:0,pl2:0,sp:0,qu:0), a !bad item (cl:100,ty:0,pl:0,pl2:0,sp:0,qu:0), a !bad item (cl:100,ty:0,pl:0,pl2:0,sp:0,qu:0), a !bad item (cl:100,ty:0,pl:0,pl2:0,sp:0,qu:0), a !bad item (cl:100,ty:0,pl:0,pl2:0,sp:0,qu:0), a !bad item (cl:100,ty:0,pl:0,pl2:0,sp:0,qu:0), a !bad item (cl:100,ty:0,pl:0,pl2:0,sp:0,qu:0), a !bad item (cl:100,ty:0,pl:0,pl2:0,sp:0,qu:0), a !bad item (cl:100,ty:0,pl:0,pl2:0,sp:0,qu:0), a !bad item (cl:100,ty:0,pl:0,pl2:0,sp:0,qu:0), a !bad item (cl:100,ty:0,pl:0,pl2:0,sp:0,qu:0), a !bad item (cl:100,ty:0,pl:0,pl2:0,sp:0,qu:0), a !bad item (cl:100,ty:0,pl:0,pl2:0,sp:0,qu:0), a !bad item (cl:100,ty:0,pl:0,pl2:0,sp:0,qu:0), a !bad item (cl:100,ty:0,pl:0,pl2:0,sp:0,qu:0), a !bad item (cl:100,ty:0,pl:0,pl2:0,sp:0,qu:0), a !bad item (cl:100,ty:0,pl:0,pl2:0,sp:0,qu:0), a !bad item (cl:100,ty:0,pl:0,pl2:0,sp:0,qu:0), a !bad item (cl:100,ty:0,pl:0,pl2:0,sp:0,qu:0), a !bad item (cl:100,ty:0,pl:0,pl2:0,sp:0,qu:0), a !bad item (cl:100,ty:0,pl:0,pl2:0,sp:0,qu:0), a !bad item (cl:100,ty:0,pl:0,pl2:0,sp:0,qu:0)
     0 | D:1      | Reached XP level 1. HP: 10/10 MP: 2/2
     0 | D:1      | Identified Sif Muna's Incunabulum of the Frostbite
     0 | D:1      | Identified Khufu's Disquisition on Evil
    39 | D:1      | Reached skill level 1 in Maces & Flails
   103 | D:1      | Reached XP level 2. HP: 13/15 MP: 3/3
   354 | D:1      | Reached XP level 3. HP: 13/19 MP: 4/4
  1288 | D:2      | Reached skill level 3 in Maces & Flails
  1870 | D:3      | Reached XP level 4. HP: 12/24 MP: 5/5
  2261 | D:3      | Reached skill level 4 in Maces & Flails
  2495 | D:3      | Reached XP level 5. HP: 17/28 MP: 6/6
  2574 | D:3      | Noticed a necrophage
  2619 | D:3      | Killed a necrophage
  2619 | D:3      | Reached skill level 5 in Maces & Flails
  2812 | D:3      | Found a sacrificial altar of Ru.
  3227 | D:3      | Reached XP level 6. HP: 20/32 MP: 7/7
  3684 | D:4      | Reached skill level 6 in Maces & Flails
  3718 | D:4      | Found an iron altar of Okawaru.
  3723 | D:4      | Became a worshipper of Warmaster Okawaru
  3989 | D:4      | Found a staircase to the Ecumenical Temple.
  4248 | D:4      | Reached skill level 7 in Maces & Flails
  4248 | D:4      | Reached XP level 7. HP: 22/36 MP: 8/8
  4352 | D:4      | Noticed Eustachio
  4674 | Temple   | Entered the Ecumenical Temple
  4951 | D:4      | Killed Eustachio
  5245 | D:5      | Entered Level 5 of the Dungeon
  5247 | D:5      | Noticed ololoev's ghost (average HEFi)
  5274 | D:5      | Killed ololoev's ghost
  5274 | D:5      | Reached skill level 8 in Maces & Flails
  5502 | D:5      | Found Onlat's General Store.
  5574 | D:5      | Found Tisaut's Assorted Antiques.
  5589 | D:5      | Bought a clear potion for 27 gold pieces
  5589 | D:5      | Bought a scroll labeled AWO JAZ GEVOGA for 31 gold pieces
  5639 | D:5      | Acquired Okawaru's first power
  5719 | D:5      | Reached XP level 8. HP: 35/41 MP: 9/9
  5846 | D:5      | Found Redun's Gadget Boutique.
  6029 | D:5      | Reached skill level 9 in Maces & Flails
  6153 | D:5      | Found Weavoh's Antique Weapon Emporium.
  6343 | D:5      | Found Meigang's Antique Armour Boutique.
  6351 | D:5      | Bought a glowing cloak for 108 gold pieces
  6886 | D:6      | Noticed dickyta's ghost (average MiGl)
  6914 | D:6      | Reached skill level 10 in Maces & Flails
  7380 | D:6      | Killed dickyta's ghost
  7406 | D:5      | Reached XP level 9. HP: 12/45 MP: 10/10
  7676 | D:5      | Reached skill level 11 in Maces & Flails
  7809 | D:6      | Found an ancient bone altar of Kikubaaqudgha.
  7811 | D:6      | Found a blossoming altar of Fedhas.
  7812 | D:6      | Found a burning altar of Makhleb.
  7896 | D:6      | Found a basalt altar of Yredelemnul.
  7897 | D:6      | Found a glowing silver altar of Zin.
  7899 | D:6      | Found a sparkling altar of Nemelex Xobeh.
  7899 | D:6      | Found a deep blue altar of Sif Muna.
  8721 | D:7      | Reached skill level 12 in Maces & Flails
  9175 | D:7      | Found a white marble altar of Elyvilon.
  9634 | D:8      | Found a sand-covered staircase.
  9674 | Ossuary  | Entered an ossuary
 10183 | D:8      | Reached skill level 13 in Maces & Flails
 10194 | D:8      | Found an ancient bone altar of Kikubaaqudgha.
 10243 | D:8      | Reached XP level 10. HP: 32/50 MP: 8/11
 11035 | D:9      | Reached skill level 1 in Dodging
 11772 | D:10     | Entered Level 10 of the Dungeon
 11842 | D:10     | Noticed Snorg
 11859 | D:10     | Mangled by Snorg

Vault maps used:
D:1:      elethiomel_arrival_infinity_welcomes_careful_drivers, st_stairs_5,
          kennysheep_another_room, minivault_14
D:3:      nicolae_ru_awakened_eye
D:4:      okawaru_metal_pillars_1_2, minmay_temple_entry_purple_smoke,
          first_bread, uniq_eustachio
D:5:      serial_shops, shop_statue, shop, shop, nicolae_shop_behind_doors,
          nicolae_shop_trees
D:6:      grunt_temple_overflow_open
D:7:      elyvilon_altar_1
D:8:      nicolae_ossuary_entry_catacombs, basic_altar
D:9:      the_bakery
D:10:     grunt_lair_entry_elf_guard_hut, serial_corexii_hall,
          corexii_hall_statues_i, corexii_hall_statues_i,
          corexii_hall_statues_i, uniq_snorg
Temple:   roderic_octagonal_lattice_temple
Ossuary:  ossuary_zaba_flooded

Action                   |  1- 3 |  4- 6 |  7- 9 | 10-12 || total
-------------------------+-------+-------+-------+-------++-------
Melee: Club              |   191 |   223 |       |       ||   414
       Flail             |       |   119 |   561 |   331 ||  1011
       Morningstar       |       |       |   227 |       ||   227
Invok: Heroism           |       |       |     8 |     5 ||    13
  Use: Scroll            |       |    13 |    13 |     1 ||    27
       Potion            |       |     4 |     5 |     4 ||    13
 Stab: Distracted        |       |       |     1 |       ||     1
  Eat: Chunk             |     1 |     7 |     2 |     1 ||    11
       Royal jelly       |     1 |       |       |       ||     1
       Beef jerky        |       |     1 |     1 |       ||     2
       Meat ration       |       |       |     3 |     1 ||     4
       Bread ration      |       |       |     1 |       ||     1
